Unix NetHack Version 5.0.0-0 post-release - last build May 23 2026 06:08:33 (1c0ff79ee797540d5714e4e18072db0edd9e58ae,branch:main).

Game began 2026-05-24 16:20:49, ended 2026-05-24 19:01:26.

DeathOnAStick, neutral male human Tourist

             ---------
             |.....s.|
             |.---.|@|
             |.| |.|.V.
         -----.| |.----
         |......*
         |.------
         |.|                      M
         |.|
         |.|
         |.|       |.|
         |.|       |.|
         |.---+-----.|
         |.....|.....|
         ---.-.|.---.|
         ..|...|.|.....
         |.|.---.|.-.--
         |.......|. .|
         --------- ---
DeathOnAStick the Excursionist  St:15 Dx:14 Co:16 In:10 Wi:8 Ch:17  Neutral S:6281
Dlvl:11 $:484 HP:0(46) Pw:26(26) AC:-4 Xp:6/639 T:5046  Satiated

Latest messages:
 The vampire bat bites!
 The vampire bat misses!
 The giant spider misses!
 Are you waiting to get hit?  Use 'm' prefix to force a no-op (to rest).
 You hit the vampire bat.
 The vampire bat bites!
 The vampire bat bites again!
 The giant spider misses!
 Are you waiting to get hit?  Use 'm' prefix to force a no-op (to rest).
 Are you waiting to get hit?  Use 'm' prefix to force a no-op (to rest).
 You hit the vampire bat!
 The vampire bat misses!
 The vampire bat misses!
 The giant spider just misses!
 The vampire bat just misses!
 The vampire bat misses!
 The giant spider bites!
 You hit the vampire bat.
 The vampire bat misses!
 The vampire bat misses!
 The giant spider misses!
 Are you waiting to get hit?  Use 'm' prefix to force a no-op (to rest).
 You hit the vampire bat!
 The vampire bat bites!
 The vampire bat misses!
 The giant spider bites!
 The giant spider bites!
 The vampire bat turns into a vampire!
 You miss the vampire.
 The vampire hits!
 The vampire bites!
 The giant spider bites!
 Are you waiting to get hit?  Use 'm' prefix to force a no-op (to rest).
 Are you waiting to get hit?  Use 'm' prefix to force a no-op (to rest).
 You miss the vampire.
 The vampire hits!
 The vampire bites!
 Aloha level 7.
 The giant spider bites!
 Are you waiting to get hit?  Use 'm' prefix to force a no-op (to rest).
 Are you waiting to get hit?  Use 'm' prefix to force a no-op (to rest).
 You miss the vampire.
 The vampire hits!
 The vampire bites!
 You die...
 Do you want your possessions identified? [ynq] (y) y
 Do you want to see your attributes? [ynq] (y) y
 Do you want an account of creatures vanquished? [ynaq] (y) y
 Do you want to see your conduct and achievements? [ynq] (y) y
 Do you want to see the dungeon overview? [ynq] (y) y

Inventory:
 Coins    ('$')
  $ - 484 gold pieces
 Amulets  ('"')
  R - an uncursed amulet versus poison (being worn)
 Weapons  (')')
  b - 5 +2 darts (at the ready)
  a - the +0 Sting (weapon in right hand, flickering light blue)
 Armor    ('[')
  G - an uncursed +0 dwarvish iron helm (being worn)
  N - an uncursed +0 pair of gauntlets of dexterity (being worn)
  T - a blessed +0 pair of iron shoes (being worn)
  U - an uncursed +0 shield of reflection (being worn)
  S - an uncursed +0 cloak of displacement (being worn)
  F - a cursed +0 dwarvish mithril-coat (being worn)
 Comestibles  ('%')
  h - 4 uncursed randomfruits
  J - 2 uncursed food rations
  c - 4 uncursed tripe rations
 Scrolls  ('?')
  C - 4 uncursed scrolls of blank paper
  L - an uncursed scroll of create monster
  f - a cursed scroll of create monster
  o - 2 uncursed scrolls of enchant weapon
  Q - an uncursed scroll of fire
  P - an uncursed scroll of gold detection
  I - a blessed scroll of identify
  l - 2 uncursed scrolls of identify
  E - a blessed scroll of taming
  t - an uncursed scroll of teleportation
 Potions  ('!')
  K - a cursed potion of booze
  i - an uncursed potion of extra healing
  M - a cursed potion of gain ability
  W - a cursed potion of see invisible
  w - an uncursed potion of water
 Rings    ('=')
  Y - an uncursed ring of protection from shape changers
 Wands    ('/')
  X - a wand of magic missile (0:8)
  H - a wand of magic missile (0:5)
  O - a wand of striking (0:6)
  n - a wand of wishing (0:1)
 Tools    ('(')
  V - an empty uncursed bag of holding
  u - a cursed bugle
  k - a magic harp (0:6)
  D - a cursed blindfold
  B - a cursed brass lantern (lit)
  v - an expensive camera (0:68)
  x - an uncursed lock pick
  s - a blessed tallow candle
  d - an uncursed partly used tallow candle
  m - 3 uncursed tallow candles
  r - a cursed tallow candle
  z - an uncursed tin whistle
  g - a +0 unicorn horn
  y - 2 uncursed wax candles
 Gems/Stones  ('*')
  A - an uncursed ruby
  e - an uncursed worthless piece of black glass
  p - an uncursed worthless piece of white glass
  q - 2 uncursed worthless pieces of yellowish brown glass

DeathOnAStick the Tourist's attributes:

Background:
 You were an Excursionist, a level 6 male human Tourist.
 You were neutral, on a mission for The Lady
 who was opposed by Blind Io (lawful) and Offler (chaotic).
 You were right-handed.
 You were in the Gnomish Mines, on level 11.
 You entered the dungeon 5046 turns ago.
 You had 639 experience points, 1 more was needed to attain level 7.
 Your score was 6281 before end-of-game adjustments.

Basics:
 You had 0 out of 46 hit points.
 You had all 26 energy points (spell power).
 Your armor class was -4.
 Your wallet contained 484 zorkmids.
 Autopickup was off.

Final Characteristics:
 Your strength was 15 (limit:18/100).
 Your dexterity was 14 (limit:18).
 Your constitution was 16 (limit:18).
 Your intelligence was 10 (limit:18).
 Your wisdom was 8 (limit:18).
 Your charisma was 17 (limit:18).

Final Status:
 You were satiated.
 You were unencumbered.
 You were wielding a dagger.
 You were skilled in dagger.

Final Attributes:
 You were piously aligned.
 You were poison resistant.
 You were aware of the presence of orcs.
 You were displaced.
 You were guarded.
 You had reflection.
 You are dead.

Miscellaneous:
 You didn't encounter any bones levels.
 Total elapsed playing time was 1 hour, 32 minutes and 24 seconds.

Major events:
 Turn
    1: DeathOnAStick the neutral male human Tourist entered the dungeon
  909: attained the rank of Sightseer (level 3)
  932: entered the Gnomish Mines
 1201: chose a runed dagger to be named "Sting"
 2314: attained the rank of Excursionist (level 6)
 2682: reached Mine Town
 5046: killed by a vampire

You didn't know any spells.

Skills:
 Fighting Skills
   bare handed combat [Unskilled]
   two weapon combat  [Unskilled]
   riding             [Unskilled]
 Weapon Skills
   dagger             [Skilled]
   knife              [Unskilled]
   axe                [Unskilled]
   pick-axe           [Unskilled]
   short sword        [Unskilled]
   broadsword         [Unskilled]
   long sword         [Unskilled]
   two-handed sword   [Unskilled]
   saber              [Unskilled]
   mace               [Unskilled]
   morning star       [Unskilled]
   flail              [Unskilled]
   hammer             [Unskilled]
   quarterstaff       [Unskilled]
   polearms           [Unskilled]
   spear              [Unskilled]
   trident            [Unskilled]
   lance              [Unskilled]
   bow                [Unskilled]
   sling              [Unskilled]
   crossbow           [Unskilled]
   dart               [Skilled]
   shuriken           [Unskilled]
   boomerang          [Unskilled]
   whip               [Unskilled]
   unicorn horn       [Unskilled]
 Spellcasting Skills
   divination spells  [Unskilled]
   enchantment spells [Unskilled]
   escape spells      [Unskilled]

Voluntary challenges:
 Character rerolling was not enabled.
 You never genocided any monsters.
 You never polymorphed an object.
 You never changed form.
 You used no wishes.
Achievements:
 You attained the rank of Sightseer.
 You entered the Gnomish Mines.
 You entered a shop.
 You attained the rank of Excursionist.
 You entered Minetown.
 You entered a temple.

 The Dungeons of Doom: levels 1 to 5
    Level 1:
       An altar to The Lady, a fountain.
    Level 2:
       Some fountains, a grave.
       Stairs down to The Gnomish Mines.
    Level 3:
       An armor shop, a fountain.
    Level 4:
    Level 5:
       A fountain.
 The Gnomish Mines: levels 3 to 11
    Level 3:
    Level 4:
    Level 5:
    Level 6:
       Many shops, a temple and an altar, some fountains, a sink.
    Level 7:
    Level 8:
    Level 9:
    Level 10:
    Level 11: <- You were here.
       Final resting place for
          you, killed by a vampire.


Vanquished creatures:
  2 small mimics
  a leocrotta
 an ettin zombie
  a panther
  a giant spider
  a horse
  a jaguar
  2 dwarf leaders
  a white unicorn
  a snake
  5 Woodland-elves
  a fire ant
  a bugbear
  2 imps
  a mountain nymph
  3 Uruk-hai
  2 rock moles
 10 gnome leaders
  4 gnomish wizards
  2 kobold mummies
  a paper golem
  3 giant ants
 15 dwarves
  a homunculus
  4 rothes
  2 giant bats
  4 monkeys
  a dwarf zombie
  2 iguanas
 an acid blob
  2 coyotes
  3 hobbits
  a large kobold
  a red mold
 64 gnomes
  2 garter snakes
  a gnome zombie
  3 geckos
  7 jackals
  a kobold
  4 goblins
  a sewer rat
  2 grid bugs
  3 lichens
  4 kobold zombies
 11 newts
187 creatures vanquished.

No species were genocided or became extinct.

Game over:
                       ----------
                      /          \
                     /    REST    \
                    /      IN      \
                   /     PEACE      \
                  /                  \
                  |  DeathOnAStick   |
                  |      484 Au      |
                  |   killed by a    |
                  |     vampire      |
                  |                  |
                  |                  |
                  |       2026       |
                 *|     *  *  *      | *
        _________)/\\_//(\/(/\)/\//\/|_)_______

Aloha DeathOnAStick the Tourist...

You died in The Gnomish Mines on dungeon level 11 with 6277 points,
and 484 pieces of gold, after 5046 moves.
You were level 6 with a maximum of 46 hit points when you died.

